 Dungeon Crawl Stone Soup version 0.29.1-1-gd02db6906a (webtiles) character file.

Game seed: 14209098573212091772

23 FollowTheCloud the Chopper (level 3, 0/33 HPs)
             Began as a Hill Orc Cinder Acolyte on Oct 19, 2022.
             Was a High Priest of Ignis.
             Slain by a rat (2 damage)
             ... on level 1 of the Dungeon.
             The game lasted 00:03:48 (1024 turns).

FollowTheCloud the Chopper (HOCA)                   Turns: 1024, Time: 00:03:49

Health: 0/33       AC:  2    Str: 18    XL:     3   Next: 0%
Magic:  4/4        EV: 11    Int: 14    God:    Ignis [*****.]
Gold:   8          SH:  0    Dex:  6    Spells: 4/4 levels left

rFire   + . .      SeeInvis .   a - -1 hand axe (flame)
rCold   . . .      Faith    .   (no shield)
rNeg    . . .      Spirit   .   b - +0 robe
rPois   .          Reflect  .   (no helmet)
rElec   .          Harm     .   (no cloak)
rCorr   .          Rampage  .   (no gloves)
Will    .....                   (no boots)
Stlth   +.........              (no amulet)
HPRegen 0.11/turn               (no ring)
MPRegen 0.09/turn               (no ring)

@: no status effects
A: no striking features
a: Renounce Religion, Fiery Armour, Foxfire Swarm, Rising Flame


You were on level 1 of the Dungeon.
You worshipped Ignis.
Ignis was extremely pleased with you.
You visited 1 branch of the dungeon, and saw 1 of its levels.

You collected 8 gold pieces.

Inventory:

Hand Weapons
 a - a -1 hand axe of flaming (weapon)
Armour
 b - a +0 robe (worn)
Scrolls
 c - a scroll of magic mapping {unknown}
 d - a scroll of butterflies {unknown}
 e - a scroll of teleportation {unknown}
 f - 3 scrolls of identify {unknown}
 g - a scroll of summoning {unknown}
 h - a scroll of enchant armour {unknown}
Potions
 i - 2 potions of heal wounds {unknown}


   Skills:
 + Level 4.2 Fighting
 + Level 4.5 Axes
 + Level 0.2 Dodging
 + Level 1.0 Spellcasting
 + Level 3.5 Fire Magic


You had 4 spell levels left.
You didn't know any spells.
Your spell library contained the following spells:

 Spells                   Type           Power      Damage    Failure   Level
 Scorch                   Fire           20%        2d6       10%         2
 Necrotise                Necr           0%         1d4       26%         1
 Confusing Touch          Hex            0%         N/A       61%         3
 Yara's Violent Unravell  Hex/Tmut       0%         3d3       100%        5
 Enfeeble                 Hex            0%         N/A       100%        7


Dungeon Overview and Level Annotations

Branches:
Dungeon (1/15)

Altars:


Message History

The jackal bites you. x2; The rat misses you.
The jackal pulls away from the web.
The jackal closely misses you. x2; The jackal bites you.
The rat misses you. The jackal misses you.
The jackal bites something.
The jackal misses you.
The jackal is caught in a web!
The jackal bites something.
The rat bites you but does no damage.
The jackal bites something.
The jackal bites you but does no damage.
The jackal struggles to get unstuck from the web.
The rat bites you.
The jackal bites you but does no damage.
The jackal bites something.
The jackal bites you.
The jackal pulls away from the web.
The rat misses you.
The jackal bites something.
The jackal barely misses you. The jackal bites you.
The jackal barely misses you.
The jackal bites something.
The jackal closely misses you. The jackal bites you. The rat bites you.
* * * LOW HITPOINT WARNING * * *
The jackal bites you.
* * * LOW HITPOINT WARNING * * *
The jackal bites you.
* * * LOW HITPOINT WARNING * * *
The jackal bites you.
* * * LOW HITPOINT WARNING * * *
The jackal bites you but does no damage.
The rat barely misses you. The jackal barely misses you.
The jackal completely misses you. The jackal bites you.
* * * LOW HITPOINT WARNING * * *
The jackal bites you.
* * * LOW HITPOINT WARNING * * *
The jackal bites you but does no damage.
The rat bites you but does no damage. The jackal bites you.
* * * LOW HITPOINT WARNING * * *
The jackal bites you.
* * * LOW HITPOINT WARNING * * *
The jackal misses you.
The jackal bites you but does no damage.
The rat bites you.
You die...

#. #............
#.####..##.......
................
###...#.#....#...
..#.........#...
##.#...#..###...
.#.#...........
#####.#.#.#......##
#.#.#P@h#P#.#.#......#
.....^rhhh..^^.####'###
.......ghh.....# #..#
.##.........#### ##.###
..........## #....
###..?...... ####.
#.......... #.
#######..... ## #......
#


You could see 6 jackals, a goblin and a rat.

Vanquished Creatures
  An endoplasm (D:1)
  2 giant cockroaches (D:1)
  2 goblins (D:1)
  4 jackals (D:1)
  A kobold (D:1)
  3 quokkas (D:1)
  A ball python (D:1)
  2 bats (D:1)
  2 frilled lizards (D:1)
  2 rats (D:1)
20 creatures vanquished.

Vanquished Creatures (others)
  A fungus (D:1)
  5 toadstools (D:1)
6 creatures vanquished.

Grand Total: 26 creatures vanquished

Notes
Turn   | Place    | Note
-------+----------+-------------------------------------------
     0 | D:1      | FollowTheCloud the Hill Orc Cinder Acolyte began the quest
                  | for the Orb.
     0 | D:1      | Reached XP level 1. HP: 19/19 MP: 2/2
   401 | D:1      | Reached XP level 2. HP: 26/27 MP: 3/3
   978 | D:1      | Reached XP level 3. HP: 32/33 MP: 4/4
  1008 | D:1      | Found a faded altar of an unknown god.
  1014 | D:1      | Got Plato's Volume of the Mausoleum
  1024 | D:1      | Slain by a rat

Illustrated notes

Levels and vault maps discovered:
D:1:      ldierk_walled_garden, layout_basic,
          shapermc_ecumenical_altar_rom_forum

Skill      XL: |  1 |
---------------+----+-----
Fighting       | 4 |  4.2
Axes           | |  4.5
Dodging        | |  0.2
Spellcasting   | |  1.0
Fire Magic     | |  3.5

Action                   || total
-------------------------++-------
Melee: Hand axe          ||    66
Armor: Robe              ||    23
Dodge: Dodged            ||    65
